 Dungeon Crawl Stone Soup version 0.20-a0-1008-g0de3dc5 (webtiles) character file.

305 Monsterracer the Gusty (level 6, -24/32 HPs)
             Began as a Tengu Air Elementalist on Apr 14, 2017.
             Annihilated by an ogre
             ... wielding a +0 giant club
              (31 damage)
             ... on level 4 of the Dungeon.
             The game lasted 00:16:28 (4946 turns).

Monsterracer the Gusty (Tengu Air Elementalist)     Turns: 4946, Time: 00:16:28

Health: -24/32     AC:  3    Str:  5 (8)  XL:     6   Next: 39%
Magic:  11/11      EV: 12    Int: 16 (18) God:
Gold:   222        SH:  0    Dex: 12 (14) Spells: 0/10 levels left

rFire    . . .     SeeInvis .   m - +2 dagger (elec)
rCold    + . .     Gourm    .   (no shield)
rNeg     . . .     Faith    .   f - +0 robe {MR+}
rPois    .         Spirit   .   (helmet restricted)
rElec    .         Reflect  .   (no cloak)
rCorr    .         Harm     .   a - +0 pair of gloves
MR       +....                  (boots unavailable)
Stlth    ++........             (no amulet)
Regen    0.1/turn               l - ring of protection from cold
MPRegen  0.2/turn               (no ring)

@: no status effects
A: beak, talons 3, able to fly 1
a: Fly


You were on level 4 of the Dungeon.
You were not hungry.

You visited 1 branch of the dungeon, and saw 4 of its levels.

You collected 222 gold pieces.

Inventory:

Hand Weapons
 m - a +2 dagger of electrocution (weapon)
Armour
 a - a +0 pair of gloves (worn)
 f - a +0 robe of magic resistance (worn)
Jewellery
 l - a ring of protection from cold (left hand)
Wands
 k - a wand of lightning (6/15)
Scrolls
 d - a scroll of remove curse
 e - 2 scrolls of identify
Potions
 j - a potion of agility
Books
 b - a book of Air

   Spells                             Type                      Level
   a - Shock                          Conjuration/Air              1
   b - Swiftness                      Charms/Air                   2
   c - Static Discharge               Conjuration/Air              3
   d - Airstrike                      Air                          4
   e - Lightning Bolt                 Conjuration/Air              5
Comestibles
 c - 4 bread rations
 g - 2 royal jellies
 h - 2 chunks of flesh
 i - a meat ration


   Skills:
 - Level 2.1 Dodging
 - Level 2.0 Stealth
 + Level 2.8 Spellcasting
 * Level 5.8 Conjurations
 * Level 6.4 Air Magic


You couldn't memorise any spells.
You knew the following spells:

 Your Spells              Type           Power        Failure   Level  Hunger
a - Shock                 Conj/Air       ###.         1%          1    #......
b - Swiftness             Chrm/Air       ##......     10%         2    ##.....
c - Static Discharge      Conj/Air       ###.....     6%          3    ###....
d - Airstrike             Air            ###.......   14%         4    #####..


Dungeon Overview and Level Annotations

Branches:
Dungeon (4/15)
 Temple: D:4-7

Altars:
Ashenzari
Dithmenos
Hepliaklqana
Kikubaaqudgha
Qazlal
Trog
Wu Jian
Xom
The Shining One


Innate Abilities, Weirdness & Mutations

You have a beak for a mouth.
You have claws for feet.
You can fly.


Message History

You butcher the hobgoblin corpse.
h - 4 chunks of flesh You start resting.
Eating one of 4 chunks of flesh.
You eat one of the 4 chunks of flesh.
This raw flesh tastes terrible.
Magic restored.
Found a glowing golden altar of the Shining One.
You start resting.
The orc wizard shouts! x2
Eating one of 3 chunks of flesh.
You eat one of the 3 chunks of flesh.
This raw flesh tastes terrible.
HP restored.
There is a stone staircase leading down here.
There is a stone staircase leading down here.
You climb downwards.
The ogre hits you with a giant club!!
Ouch! That really hurt!
* * * LOW HITPOINT WARNING * * *
There is a stone staircase leading up, spattered with blood here.
The ogre hits you with a giant club!!
Ouch! That really hurt!
You die...

#######..##........# #...
#..##........#####..
#..##...............
#.>...........).....
#.###........####...
#...................
##.........#######.#.
#')..O.....# #.#.
##..@......# #.#.
#...[.....#######.##
#.##'###.#.....##.#
#######.##.###.#........##
#.......)).[.#.O.........#
#.......########.......###
#.......# #..........
#.......# #.......###
#.......############.....#


You could see an ogre.

Vanquished Creatures
  A hound (D:4)
  An orc wizard (D:3)
  Ijyb (D:4)
  Natasha (D:3)
  A worker ant (D:3)
  3 gnolls
  7 adders
  An ooze (D:1)
  3 leopard geckos
  7 orcs
  A ball python (D:3)
  6 giant cockroaches
  8 goblins
  4 hobgoblins
  7 jackals (D:1)
  2 quokkas
  4 bats
  4 frilled lizards (D:3)
  4 kobolds
  9 rats
75 creatures vanquished.

Notes
Turn   | Place    | Note
-------+----------+-------------------------------------------
     0 | D:1      | Monsterracer the Tengu Air Elementalist began the quest for the Orb.
     0 | D:1      | Reached XP level 1. HP: 10/10 MP: 4/4
   295 | D:1      | Reached XP level 2. HP: 15/15 MP: 1/6
   376 | D:1      | Learned a level 2 spell: Swiftness
  1225 | D:2      | Reached XP level 3. HP: 19/19 MP: 3/7
  1273 | D:2      | Found a shattered altar of Ashenzari.
  1744 | D:2      | Found a bloodstained altar of Trog.
  1767 | D:2      | Reached XP level 4. HP: 24/24 MP: 5/8
  1786 | D:2      | Found an ornate altar of the Wu Jian Council.
  1823 | D:2      | Found a shadowy altar of Dithmenos.
  1975 | D:2      | Found a stormy altar of Qazlal.
  2057 | D:2      | Reached skill level 5 in Air Magic
  2085 | D:2      | Found a shimmering altar of Xom.
  2086 | D:2      | Found a hazy altar of Hepliaklqana.
  2086 | D:2      | Noticed a caustic shrike
  2087 | D:2      | Noticed a caustic shrike
  2087 | D:2      | Noticed a spectral ugly thing
  2333 | D:3      | Found an ancient bone altar of Kikubaaqudgha.
  2522 | D:3      | Learned a level 3 spell: Static Discharge
  2650 | D:2      | Gained mutation: You can fly. [Tengu growth]
  2650 | D:2      | Reached XP level 5. HP: 14/28 MP: 0/9
  2895 | D:3      | Reached skill level 5 in Conjurations
  3724 | D:3      | Noticed Natasha
  3732 | D:3      | Killed Natasha
  3734 | D:3      | Reached skill level 6 in Air Magic
  4087 | D:3      | Reached XP level 6. HP: 32/32 MP: 3/10
  4369 | D:4      | Noticed Ijyb
  4377 | D:4      | Killed Ijyb
  4646 | D:4      | Learned a level 4 spell: Airstrike
  4820 | D:3      | Found a glowing golden altar of the Shining One.
  4946 | D:4      | Annihilated by an ogre

Vault maps used:
D:1:      sevenhm_arrival_forest_fort_large_4
D:2:      regret_index_temple_of_mockery, ashenzari_conservatory_becter,
          nicolae_overflow_quartered_altars, serial_bayou, serial_bayou_shore_b,
          serial_bayou_pond_d, serial_bayou_lagoon_b, serial_bayou_pond_e,
          serial_bayou_pond_a, serial_bayou_crossing
D:3:      nicolae_overflow_crystal_walls, nicolae_overflow_hidden_temple,
          uniq_natasha
D:4:      uniq_iyjb, uniq_pikel, uniq_eustachio

Skill      XL: |  1  2  3  4  5 |
---------------+----------------+-----
Conjurations   | 2 3 4 5 |  5.8
Air Magic      | 5 6 |  6.4
Dodging        | |  2.1
Stealth        | |  2.0
Spellcasting   | |  2.8

Action                   |  1- 3 |  4- 6 || total
-------------------------+-------+-------++-------
Melee: Dagger            |       |     1 ||     1
       Kick              |       |     1 ||     1
       Peck              |       |     1 ||     1
 Cast: Shock             |    62 |   114 ||   176
       Swiftness         |     1 |     3 ||     4
       Static Discharge  |       |     7 ||     7
  Use: Potion            |     5 |     4 ||     9
       Scroll            |       |     5 ||     5
  Eat: Chunk             |     2 |    14 ||    16
Dodge: Dodged            |     5 |    10 ||    15
